MID
LANSING LUGNUTS @ CEDAR RAPIDS KERNELS
10/18/2046
 
TOP OF THE 1ST
Frisco RoughRiders batting - Pitching for Jackson Generals : RHP Dwain Ashford
Pitching: RHP Dwain Ashford
Batting: LHB Mike Sammons 0-0: Ball
1-0: Foul Ball, location: 2F
1-1: Foul Ball, location: 2F
1-2: Ball
2-2: Ball
3-2: Ground out 4-3 (Groundball, 4, EV 88.1 MPH)
Batting: LHB Gabriel Graves 0-0: Swinging Strike
0-1: Ball
1-1: Ball
2-1: Called Strike
2-2: SINGLE (Line Drive, 8LS, EV 111.2 MPH)
Batting: RHB Rodolfo Contreras 0-0: Ball
1-0: Swinging Strike
1-1: Ball
Wild Pitch!
Gabriel Graves to second
2-1: Fly out, F9 (Flyball, 9S, EV 88.1 MPH)
Batting: LHB Justin Balthazor 0-0: Fly out, F7 (Line Drive, 7, EV 90.6 MPH)
Top of the 1st over - 0 runs, 1 hit, 0 errors, 1 left on base; Frisco 0 - Jackson 0
BOTTOM OF THE 1ST
Jackson Generals batting - Pitching for Frisco RoughRiders : RHP Morton Gimsing
Pitching: RHP Morton Gimsing
Batting: LHB Jerrod Cluck 0-0: Ball
1-0: Called Strike
1-1: Ball
2-1: Ball
3-1: Ground out 6-3 (Groundball, 56D, EV 86.9 MPH)
Batting: RHB Malik Brookshire 0-0: Ball
1-0: SINGLE (Groundball, 34S, EV 73.1 MPH) (infield hit)
Batting: LHB Cliff Thomas 0-0: Called Strike
Malik Brookshire is caught stealing 2nd base 2-6
0-1: Ball
1-1: Foul Ball, location: 2F
1-2: SINGLE (Flyball, 7LS, EV 88.8 MPH)
Batting: RHB Tony Vargas 0-0: Swinging Strike
0-1: Swinging Strike
0-2: Foul Ball, location: 2F
0-2: Ball
1-2: Foul Ball, location: 2F
1-2: Ball
2-2: Strikes out swinging
Bottom of the 1st over - 0 runs, 2 hits, 0 errors, 1 left on base; Frisco 0 - Jackson 0
TOP OF THE 2ND
Frisco RoughRiders batting - Pitching for Jackson Generals : RHP Dwain Ashford
Batting: LHB Alfonso Collazo 0-0: Ball
1-0: Ball
2-0: Foul Ball, location: 2F
2-1: Foul Ball, location: 2F
2-2: Ball
3-2: Fly out, F9 (Line Drive, 9, EV 108.8 MPH)
Batting: RHB Tristan Wright 0-0: Ball
1-0: Called Strike
1-1: Swinging Strike
1-2: Ball
2-2: Ball
3-2: Ground out 4-3 (Groundball, 34, EV 105.0 MPH)
Batting: RHB Shoh Tanioka 0-0: Ground out 6-3 (Groundball, 6S, EV 70.0 MPH)
Top of the 2nd over - 0 runs, 0 hits, 0 errors, 0 left on base; Frisco 0 - Jackson 0
BOTTOM OF THE 2ND
Jackson Generals batting - Pitching for Frisco RoughRiders : RHP Morton Gimsing
Batting: LHB Tom Reynolds 0-0: Ball
1-0: Called Strike
1-1: Foul Ball, location: 2F
1-2: Ball
2-2: SINGLE (Groundball, 13S, EV 61.2 MPH) (infield hit)
Batting: RHB Harutomi Matsubara 0-0: Ball
1-0: Swinging Strike
1-1: Swinging Strike
1-2: Strikes out swinging
Batting: RHB Brad Robidas 0-0: Ball
1-0: Ball
2-0: Ball
3-0: Base on Balls
Tom Reynolds to second
Batting: LHB Matt Purke Jr. 0-0: Ball
1-0: Foul Ball, location: 2F
1-1: Ball
2-1: Foul Ball, location: 2F
2-2: Ball
3-2: Ground out 6-3 (Groundball, 6MS, EV 71.2 MPH)
Tom Reynolds to third
Brad Robidas to second
Batting: LHB Ignacio Bernal 0-0: Ball
1-0: Fly out, F6 (Flyball, 56D, EV 86.9 MPH)
Bottom of the 2nd over - 0 runs, 1 hit, 0 errors, 2 left on base; Frisco 0 - Jackson 0
TOP OF THE 3RD
Frisco RoughRiders batting - Pitching for Jackson Generals : RHP Dwain Ashford
Batting: RHB Zach Thomason 0-0: Ball
1-0: Called Strike
1-1: Foul Ball, location: 2F
1-2: Ball
2-2: Ball
3-2: Strikes out swinging
Batting: RHB Brandon Davis 0-0: Ball
1-0: Called Strike
1-1: Ball
2-1: Ball
3-1: Called Strike
3-2: Foul Ball, location: 2F
3-2: SINGLE (Groundball, 4MS, EV 67.5 MPH) (infield hit)
Batting: LHB Mike Sammons 0-0: Ball
1-0: Ball
2-0: Called Strike
2-1: Foul Ball, location: 2F
2-2: Foul Ball, location: 2F
2-2: Fly out, F4 (Popup, 4D, EV 54.4 MPH)
Batting: LHB Gabriel Graves 0-0: Ball
Brandon Davis steals 2nd base
1-0: Ball
2-0: Called Strike
2-1: Ball
3-1: Base on Balls
Batting: RHB Rodolfo Contreras 0-0: Called Strike
0-1: Swinging Strike
0-2: Ball
1-2: Strikes out swinging
Top of the 3rd over - 0 runs, 1 hit, 0 errors, 2 left on base; Frisco 0 - Jackson 0
BOTTOM OF THE 3RD
Jackson Generals batting - Pitching for Frisco RoughRiders : RHP Morton Gimsing
Batting: LHB Jerrod Cluck 0-0: Ball
1-0: Bunt missed!
1-1: Ball
2-1: Ball
3-1: Fly out, F5 (Popup, 5, EV 35.6 MPH)
Batting: RHB Malik Brookshire 0-0: Ball
1-0: Called Strike
1-1: Foul Ball, location: 2F
1-2: Ball
2-2: Strikes out swinging
Batting: LHB Cliff Thomas 0-0: Ball
1-0: Fly out, F7 (Line Drive, 7D, EV 88.8 MPH)
Bottom of the 3rd over - 0 runs, 0 hits, 0 errors, 0 left on base; Frisco 0 - Jackson 0
TOP OF THE 4TH
Frisco RoughRiders batting - Pitching for Jackson Generals : RHP Dwain Ashford
Batting: LHB Justin Balthazor 0-0: Ball
1-0: Ball
2-0: Ball
3-0: Base on Balls
Batting: LHB Alfonso Collazo 0-0: Ball
1-0: Called Strike
1-1: Grounds into double play, 4-6-3 (Groundball, 34D, EV 98.1 MPH)
Batting: RHB Tristan Wright 0-0: Ball
1-0: Ground out 4-3 (Groundball, 4, EV 100.6 MPH)
Top of the 4th over - 0 runs, 0 hits, 0 errors, 0 left on base; Frisco 0 - Jackson 0
BOTTOM OF THE 4TH
Jackson Generals batting - Pitching for Frisco RoughRiders : RHP Morton Gimsing
Batting: RHB Tony Vargas 0-0: Ball
1-0: Foul Ball, location: 2F
1-1: Ground out 1-3 (Groundball, 13S, EV 71.9 MPH)
Batting: LHB Tom Reynolds 0-0: Ball
1-0: Foul Ball, location: 2F
1-1: Ball
2-1: Swinging Strike
2-2: Ball
3-2: Fly out, F8 (Flyball, 8LD, EV 99.4 MPH)
Batting: RHB Harutomi Matsubara 0-0: Ball
1-0: Ball
2-0: Called Strike
2-1: Called Strike
2-2: Ball
3-2: SINGLE (Groundball, 4M, EV 80.6 MPH) (infield hit)
Batting: RHB Brad Robidas 0-0: Ball
1-0: Ball
2-0: Fly out, F8 (Flyball, 8LM, EV 91.2 MPH)
Bottom of the 4th over - 0 runs, 1 hit, 0 errors, 1 left on base; Frisco 0 - Jackson 0
TOP OF THE 5TH
Frisco RoughRiders batting - Pitching for Jackson Generals : RHP Dwain Ashford
Batting: RHB Shoh Tanioka 0-0: Fly out, F7 (Line Drive, 7, EV 91.2 MPH)
Batting: RHB Zach Thomason 0-0: Called Strike
0-1: Ball
1-1: Ball
2-1: Foul Ball, location: 2F
2-2: Foul Ball, location: 2F
2-2: Foul Ball, location: 2F
2-2: Fly out, F9 (Flyball, 9S, EV 94.4 MPH)
Batting: RHB Brandon Davis 0-0: SOLO HOME RUN (Flyball, 7LD, EV 96.9 MPH), Distance : 354 ft
Batting: LHB Mike Sammons 0-0: Swinging Strike
0-1: SOLO HOME RUN (Flyball, 9D, EV 95.0 MPH), Distance : 392 ft
Batting: LHB Gabriel Graves 0-0: Ball
1-0: Ball
2-0: SINGLE (Flyball, 6D, EV 90.0 MPH)
Pitching: RHP Tyler Rayner
Batting: RHB Rodolfo Contreras 0-0: Called Strike
0-1: Ball
1-1: Ball
2-1: SINGLE (Groundball, 23, EV 73.8 MPH) (infield hit)
Gabriel Graves to second
Batting: LHB Justin Balthazor 0-0: Ball
1-0: Ball
2-0: Foul Ball, location: 2F
2-1: Ball
3-1: Called Strike
3-2: Ground out U3 (Groundball, 3L, EV 82.5 MPH)
Top of the 5th over - 2 runs, 4 hits, 0 errors, 2 left on base; Frisco 2 - Jackson 0
BOTTOM OF THE 5TH
Jackson Generals batting - Pitching for Frisco RoughRiders : RHP Morton Gimsing
Batting: LHB Matt Purke Jr. 0-0: Ball
1-0: Called Strike
1-1: Foul Ball, location: 2F
1-2: Ball
2-2: Foul Ball, location: 2F
2-2: Strikes out swinging
Batting: LHB Ignacio Bernal 0-0: Ground out 6-3 (Groundball, 56, EV 103.8 MPH)
Batting: LHB Jerrod Cluck 0-0: Foul Ball, location: 2F
0-1: Ball
1-1: Ball
2-1: Ball
3-1: Foul Ball, location: 2F
3-2: Foul Ball, location: 2F
3-2: Foul Ball, location: 2F
3-2: Base on Balls
Batting: RHB Malik Brookshire 0-0: Called Strike
0-1: Ball
1-1: Foul Ball, location: 2F
1-2: SINGLE (Groundball, 6MD, EV 96.2 MPH)
Jerrod Cluck to second
Runner from 2nd tries for 3rd, SAFE, throw by CF made at trailing runner, OUT! 8-4
Bottom of the 5th over - 0 runs, 1 hit, 0 errors, 1 left on base; Frisco 2 - Jackson 0
TOP OF THE 6TH
Frisco RoughRiders batting - Pitching for Jackson Generals : RHP Tyler Rayner
Pitching: RHP Willie Sanchez
Batting: LHB Alfonso Collazo 0-0: Ball
1-0: Fly out, F5 (Popup, 56S, EV 79.4 MPH)
Batting: RHB Tristan Wright 0-0: Ball
1-0: Ball
2-0: Called Strike
2-1: Ball
3-1: Base on Balls
Batting: RHB Shoh Tanioka 0-0: Called Strike
0-1: Foul Ball, location: 2F
0-2: Ball
1-2: Ball
2-2: Ball
3-2: SINGLE (Groundball, 56, EV 102.5 MPH) (infield hit)
Tristan Wright to second
Batting: RHB Zach Thomason 0-0: Foul Ball, location: 2F
0-1: Grounds into double play, 6-4-3 (Groundball, 6, EV 83.8 MPH)
Top of the 6th over - 0 runs, 1 hit, 0 errors, 1 left on base; Frisco 2 - Jackson 0
BOTTOM OF THE 6TH
Jackson Generals batting - Pitching for Frisco RoughRiders : RHP Morton Gimsing
Batting: LHB Cliff Thomas 0-0: Ball
1-0: Ball
2-0: Ball
3-0: Called Strike
3-1: Base on Balls
Batting: RHB Tony Vargas 0-0: Swinging Strike
0-1: Ball
1-1: Swinging Strike
1-2: Fly out, F9 (Flyball, 9D, EV 110.0 MPH)
Batting: LHB Tom Reynolds 0-0: Ball
1-0: Ball
2-0: Called Strike
2-1: Foul Ball, location: 2F
2-2: Fielders Choice at 2nd, 6-4 (Groundball, 6, EV 102.5 MPH)
Pitching: RHP Roberto Reyes
Batting: RHB Harutomi Matsubara 0-0: Called Strike
0-1: SINGLE (Groundball, 6MS, EV 68.1 MPH) (infield hit)
Tom Reynolds to second
Batting: RHB Brad Robidas 0-0: Fielders Choice at 2nd, 5-4 (Groundball, 56D, EV 98.8 MPH)
Bottom of the 6th over - 0 runs, 1 hit, 0 errors, 2 left on base; Frisco 2 - Jackson 0
TOP OF THE 7TH
Frisco RoughRiders batting - Pitching for Jackson Generals : RHP Willie Sanchez
Pitching: RHP Chris Gilbo
Batting: RHB Brandon Davis 0-0: Called Strike
0-1: Ball
1-1: Called Strike
1-2: Strikes out swinging
Batting: LHB Mike Sammons 0-0: Ball
1-0: Swinging Strike
1-1: Ball
2-1: Called Strike
2-2: Foul Ball, location: 2F
2-2: Foul Ball, location: 2F
2-2: Strikes out looking
Batting: LHB Gabriel Graves 0-0: Ball
1-0: Ball
2-0: Ball
3-0: Called Strike
3-1: Foul Ball, location: 2F
3-2: Foul Ball, location: 2F
3-2: Foul Ball, location: 2F
3-2: Foul Ball, location: 2F
3-2: Base on Balls
Batting: RHB Rodolfo Contreras 0-0: Called Strike
Gabriel Graves steals 2nd base
0-1: Ground out 5-3 (Groundball, 56S, EV 80.6 MPH)
Top of the 7th over - 0 runs, 0 hits, 0 errors, 1 left on base; Frisco 2 - Jackson 0
BOTTOM OF THE 7TH
Jackson Generals batting - Pitching for Frisco RoughRiders : RHP Roberto Reyes
Now at 2B: Darnell Jones
Batting: LHB Matt Purke Jr. 0-0: Called Strike
0-1: Ball
1-1: Swinging Strike
1-2: Ball
2-2: Strikes out looking
Batting: LHB Ignacio Bernal 0-0: Called Strike
0-1: Called Strike
0-2: Ball
1-2: Foul Ball, location: 2F
1-2: Strikes out swinging
Batting: LHB Jerrod Cluck 0-0: SINGLE (Groundball, 6D, EV 97.5 MPH)
Batting: RHB Malik Brookshire 0-0: Called Strike
0-1: Called Strike
0-2: Ball
1-2: Fly out, F8 (Flyball, 8LD, EV 81.9 MPH)
Bottom of the 7th over - 0 runs, 1 hit, 0 errors, 1 left on base; Frisco 2 - Jackson 0
TOP OF THE 8TH
Frisco RoughRiders batting - Pitching for Jackson Generals : RHP Chris Gilbo
Batting: LHB Justin Balthazor 0-0: Ball
1-0: SOLO HOME RUN (Flyball, 9D, EV 98.1 MPH), Distance : 377 ft
Pitching: RHP Tony Holley
Batting: LHB Alfonso Collazo 0-0: Ball
1-0: Ball
2-0: Foul Ball, location: 2F
2-1: Foul Ball, location: 2F
2-2: Ball
3-2: Base on Balls
Pitching: RHP Aidan Martin
Batting: RHB Tristan Wright 0-0: Called Strike
0-1: Foul Ball, location: 2F
0-2: Strikes out swinging
Batting: RHB Shoh Tanioka 0-0: Called Strike
0-1: Grounds into double play, 5-4-3 (Groundball, 56, EV 103.8 MPH)
Top of the 8th over - 1 run, 1 hit, 0 errors, 0 left on base; Frisco 3 - Jackson 0
BOTTOM OF THE 8TH
Jackson Generals batting - Pitching for Frisco RoughRiders : RHP Roberto Reyes
Now in RF: Dale Aubrey
Batting: LHB Cliff Thomas 0-0: Called Strike
0-1: Ball
1-1: Foul Ball, location: 2F
1-2: Ball
2-2: Strikes out swinging
Batting: RHB Tony Vargas 0-0: Called Strike
0-1: Ball
1-1: Foul Ball, location: 2F
1-2: Foul Ball, location: 2F
1-2: Foul Ball, location: 2F
1-2: Fly out, F9 (Flyball, 9LS, EV 78.1 MPH)
Batting: LHB Tom Reynolds 0-0: Ball
1-0: Foul Ball, location: 2F
1-1: Called Strike
1-2: Strikes out swinging
Bottom of the 8th over - 0 runs, 0 hits, 0 errors, 0 left on base; Frisco 3 - Jackson 0
TOP OF THE 9TH
Frisco RoughRiders batting - Pitching for Jackson Generals : RHP Aidan Martin
Batting: RHB Zach Thomason 0-0: Called Strike
0-1: Ball
1-1: Foul Ball, location: 2F
1-2: Foul Ball, location: 2F
1-2: Foul Ball, location: 2F
1-2: Ball
2-2: Ball
3-2: Strikes out swinging
Batting: RHB Brandon Davis 0-0: Ball
1-0: Called Strike
1-1: Called Strike
1-2: Ground out 6-3 (Groundball, 6, EV 80.6 MPH)
Batting: LHB Mike Sammons 0-0: Swinging Strike
0-1: Ball
1-1: Swinging Strike
1-2: Strikes out swinging
Top of the 9th over - 0 runs, 0 hits, 0 errors, 0 left on base; Frisco 3 - Jackson 0
BOTTOM OF THE 9TH
Jackson Generals batting - Pitching for Frisco RoughRiders : RHP Roberto Reyes
Pitching: RHP Mike Warren
Batting: RHB Harutomi Matsubara 0-0: Ball
1-0: Ground out 5-3 (Groundball, 56, EV 86.2 MPH)
Batting: RHB Brad Robidas 0-0: Ball
1-0: Foul Ball, location: 2F
1-1: Called Strike
1-2: Ball
2-2: Foul Ball, location: 2F
2-2: Ball
3-2: Strikes out looking
Batting: LHB Matt Purke Jr. 0-0: Called Strike
0-1: SINGLE (Line Drive, 9LS, EV 85.6 MPH)
Batting: LHB Ignacio Bernal 0-0: Called Strike
0-1: Ball
1-1: Swinging Strike
1-2: Ball
2-2: Fielders Choice at 2nd, 6-4 (Groundball, 6, EV 81.9 MPH)
Bottom of the 9th over - 0 runs, 1 hit, 0 errors, 1 left on base; Frisco 3 - Jackson 0
Tuesday, September 13th , 2022 - OOTP Baseball 23.7 Build 88